AoeStats
← Cuervo

Arabia

503865693Analyzed
3v3 RM · 29d ago on Sep 2, 2026· 33m 28s· 6 players
Game mode
Random Map
Map size
Normal (6 player)
Population
200
Speed
Normal
Resources
Standard
Victory
Conquest
Starting age
Dark Age
Ending age
Imperial Age
RankedLock teamsTeams togetherTeam positionsShared explorationLock speedFull tech treeHidden civsTurbo modeCheats
Victory
Defeat
🇪🇸 Berbers · Spain
1199
+9
🇪🇸 Cumans · Spain
1162
+11
🇪🇸 Huns · Spain
954
+20
🇦🇷 Mongols · Argentina
1089
-15
🇦🇷 Koreans · Argentina
1033
-13
🇦🇷 Byzantines · Argentina
1023
-12
Gitu
3:11 Loom
10:49 Feudal Age
12:08 Wheelbarrow
11:20 Double-Bit Axe
17:24 Scale Mail Armor
17:25 Padded Archer Armor
18:47 Scale Barding Armor
22:42 Castle Age
21:17 Scale Barding Armor
22:26 Horse Collar
24:10 Husbandry
27:27 Chain Barding Armor
27:18 Forging
28:01 Thumb Ring
30:17 Pikeman
30:59 Squires
Cuervo
7:25 Loom
9:51 Feudal Age
10:54 Double-Bit Axe
20:06 Fletching
23:38 Castle Age
24:24 Crossbowman
25:38 Bow Saw
25:48 Scale Mail Armor
27:32 Gold Mining
29:59 Horse Collar
32:37 Thumb Ring
33:02 Chain Mail Armor
Zamba
8:47 Feudal Age
12:26 Bloodlines
13:51 Scale Barding Armor
16:06 Forging
19:25 Horse Collar
19:31 Double-Bit Axe
24:50 Castle Age
23:04 Loom
25:57 Chain Barding Armor
25:42 Heavy Plow
25:55 Bow Saw
27:18 Husbandry
29:24 Wheelbarrow
31:16 Hand Cart
32:11 Iron Casting
Balagueris
7:06 Loom
9:48 Feudal Age
10:22 Double-Bit Axe
10:19 Horse Collar
17:03 Forging
18:01 Scale Barding Armor
21:54 Castle Age
21:06 Bloodlines
22:59 Chain Barding Armor
22:58 Bow Saw
24:43 Wheelbarrow
25:49 Town Watch
27:31 Husbandry
28:52 Stone Mining
29:01 Gold Mining
30:22 Hand Cart
33:19 Heavy Plow
TTV_NIHER
1:07 Loom
10:38 Feudal Age
11:56 Wheelbarrow
11:10 Double-Bit Axe
12:02 Horse Collar
20:47 Castle Age
20:06 Stone Mining
23:06 Man-at-Arms
24:06 Forging
24:25 Scale Mail Armor
23:57 Long Swordsman
25:09 Pikeman
26:23 Fletching
27:46 Bow Saw
27:47 Gold Mining
30:30 Bodkin Arrow
33:15 Heavy Plow
urvconele
10:45 Feudal Age
9:40 Loom
11:18 Double-Bit Axe
11:17 Horse Collar
13:37 Wheelbarrow
25:31 Castle Age
24:24 Scale Barding Armor
26:57 Bow Saw
26:51 Heavy Plow
27:30 Chain Barding Armor
27:43 Bloodlines
28:08 Hand Cart
30:30 Gold Mining
30:31 Stone Mining
Connection lost

Rejoining the realm…

Still unreachable

The connection could not be restored.

Session expired

The server has moved on; the page needs a fresh start.